 Dungeon Crawl Stone Soup version 0.20.1-1-g8b1a95d (webtiles) character file.

253 tidbits the Insei (level 5, -1/40 HPs)
             Began as a Demigod Transmuter on Aug 11, 2017.
             Slain by a human zombie (8 damage)
             ... in an ossuary.
             The game lasted 00:13:11 (1312 turns).

tidbits the Insei (Demigod Transmuter)              Turns: 1312, Time: 00:13:12

Health: -1/40      AC:  2    Str: 10 (13) XL:     5   Next: 58%
Magic:  9/10       EV: 12    Int: 16 (19) God:
Gold:   133        SH:  4    Dex: 15 (16) Spells: 4/7 levels left

rFire    . . .     SeeInvis .     - Unarmed
rCold    . . .     Gourm    .   (no shield)
rNeg     . . .     Faith    .   b - +0 robe
rPois    .         Spirit   .   (no helmet)
rElec    .         Reflect  +   (no cloak)
rCorr    .         Harm     .   (no gloves)
MR       +....                  (no boots)
Stlth    +.........             g - +4 amulet of reflection
Regen    0.2/turn               h - ring of protection from magic
MPRegen  0.2/turn               (no ring)

@: no status effects
A: high mp 1
a: no special abilities


You were in an ossuary.
You were not hungry.

You visited 1 branch of the dungeon, and saw 5 of its levels.
You also visited: Ossuary.

You collected 133 gold pieces.

Inventory:

Missiles
 a - 24 arrows
 e - 17 stones
 o - 2 javelins (quivered)
 s - 8 poisoned needles
Armour
 b - a +0 robe (worn)
Jewellery
 g - a +4 amulet of reflection (around neck)
   (You found it on level 1 of the Dungeon)
 h - a ring of protection from magic (left hand)
   (You found it on level 1 of the Dungeon)
Scrolls
 f - 2 scrolls of recharging
 i - a scroll of remove curse
 k - 2 scrolls of enchant weapon
 q - 2 scrolls of noise {unknown}
 t - 2 scrolls of immolation {unknown}
 u - a scroll of teleportation
 y - a scroll of fear {unknown}
Potions
 m - 2 potions of ambrosia
 n - a potion of resistance
 p - a potion of heal wounds {unknown}
 r - a potion of agility {unknown}
 v - 3 potions of curing
 w - 2 potions of lignification {unknown}
 x - a potion of might {unknown}
 z - a potion of flight {unknown}
 A - a potion of brilliance {unknown}
Books
 c - a book of Changes

   Spells                             Type                      Level
   a - Beastly Appendage              Transmutation                1
   b - Sticks to Snakes               Transmutation                2
   c - Spider Form                    Transmutation/Poison         3
   d - Ice Form                       Ice/Transmutation            4
   e - Blade Hands                    Transmutation                5
Comestibles
 d - 2 bread rations


   Skills:
 - Level 1.1 Fighting
 - Level 1.7 Dodging
 + Level 6.0 Unarmed Combat
 - Level 1.8 Spellcasting
 - Level 1.8 Transmutations


You had 4 spell levels left.
You knew the following spells:

 Your Spells              Type           Power        Failure   Level  Hunger
e - Beastly Appendage     Tmut           #.....       10%         1    ##.....
k - Sticks to Snakes      Tmut           #.......     16%         2    ###....


Dungeon Overview and Level Annotations

Branches:
Dungeon (5/15)
 Temple: D:4-7


Innate Abilities, Weirdness & Mutations

You have an increased reservoir of magic. (+10% MP)


Message History

You hit the human zombie.
The human zombie is lightly damaged.
Your adder barely misses the human zombie.
The human zombie hits you.
* * * LOW HITPOINT WARNING * * *
Your adder barely misses the human zombie.
You hit the human zombie.
The human zombie is moderately damaged.
Your adder barely misses the human zombie.
You hit the human zombie.
The human zombie is moderately damaged.
Your adder bites the human zombie but does no damage.
You block the human zombie's attack.
You hit the human zombie but do no damage.
The human zombie is moderately damaged.
Your adder bites the human zombie.
The human zombie hits you.
* * * LOW HITPOINT WARNING * * *
You punch the human zombie!
The human zombie is heavily damaged.
Your adder bites the human zombie.
You punch the human zombie!
The human zombie is severely damaged.
Your adder closely misses the human zombie.
The human zombie hits you.
* * * LOW HITPOINT WARNING * * *
You hit the human zombie.
The human zombie is severely damaged.
Your adder closely misses the human zombie.
The human zombie barely misses you.
Your adder closely misses the human zombie.
Your adder bites the human zombie.
Your adder bites the human zombie.
Unknown command.
Your adder bites the human zombie.
The human zombie hits your adder.
There is an open door here.
Your adder bites the human zombie.
The human zombie is destroyed!
Your Unarmed Combat skill increases to level 6!
Your adder looks stronger.
It was a potion of degeneration.
There was something very wrong with that liquid.
You feel weakened.
You feel dopey.
You feel clumsy.
Drop what? 27/52 slots (_ for help) (? for menu, Esc to quit)
You drop a potion of degeneration.
You swap places.
There is an open door here.
Found a scroll labeled KITEICIFENU.
Found a bubbling brown potion.
Wield which item (- for none, * to show all)? (? for menu, Esc to quit)
Okay, then.
As you read the scroll labeled XIMEODWY DIEZ, it crumbles to dust.
It is a scroll of identify.
m - 2 potions of ambrosia
As you read the scroll of identify, it crumbles to dust.
n - a potion of resistance Your adder withers and dies!
f - 2 scrolls of recharging (gained 1)
w - 2 bubbling brown potions (gained 1)
t - 2 scrolls labeled KITEICIFENU (gained 1)
You see here a potion of degeneration.
You see here a scroll of random uselessness.
You open the door.
A kobold zombie comes into view.
There is an open door here.
Casting: Sticks to Snakes
Confirm with . or Enter, or press ? or * to list all spells.
You create a snake!
You now have 24 arrows.
You swap places.
The kobold zombie barely misses you.
There is an open door here.
You hit the kobold zombie. You punch the kobold zombie.
The kobold zombie is severely damaged.
You block the kobold zombie's attack. The kobold zombie hits you.
* * * LOW HITPOINT WARNING * * *
Your ball python bites the kobold zombie.
Your ball python grabs the kobold zombie.
Your ball python constricts the kobold zombie.
You punch the kobold zombie!
You destroy the kobold zombie!
You open the door.
A human zombie comes into view.
You barely miss the human zombie. You hit the human zombie.
The human zombie is lightly damaged.
Your ball python bites the human zombie.
Your ball python grabs the human zombie.
Your ball python constricts the human zombie.
The human zombie hits you.
* * * LOW HITPOINT WARNING * * *
You hit the human zombie.
The human zombie is lightly damaged.
Your ball python bites the human zombie.
Your ball python constricts the human zombie.
The human zombie completely misses you.
You hit the human zombie but do no damage.
The human zombie is moderately damaged.
Your ball python bites the human zombie.
Your ball python constricts the human zombie.
The human zombie hits you!
You die...

### ##.....## #####
..# #..?.?.?# #..!#
..# ####.#### #..?#
?## #.# ##.## .#
###'### #.### .##
##.....## ##.'.#
..###.......###..###
...#.........#..SZ.#
...'....⌠...!'..@###
...#.........#...'.#
.^###.......###..###
.## ##.....## ##.'.#
.# ###'### #.### .##
#.# ##.## ?.# ##.##
#...# ..# #.∩.#
#...# ### #.∩.#
#####


You could see a human zombie and a friendly ball python.

Vanquished Creatures
  An ice beast (D:5)
  A worker ant (D:5)
  2 mummies (Ossuary)
  2 adders
  A worm (D:2)
  A dart slug (D:1)
  A leopard gecko (D:1)
  4 bats
  A gnoll zombie (Ossuary)
  4 goblins
  3 hobgoblins (D:2)
  5 jackals
  A quokka (D:2)
  2 ball pythons (D:1)
  4 frilled lizards
  A goblin zombie (Ossuary)
  2 kobolds
  2 kobold zombies (Ossuary)
  5 rats
43 creatures vanquished.

Vanquished Creatures (collateral kills)
  2 human zombies (Ossuary)
  A mummy (Ossuary)
  A dart slug (D:2)
  A gnoll zombie (Ossuary)
  A goblin (D:2)
  A jackal (D:5)
7 creatures vanquished.

Grand Total: 50 creatures vanquished

Notes
Turn   | Place    | Note
-------+----------+-------------------------------------------
     0 | D:1      | tidbits the Demigod Transmuter began the quest for the Orb.
     0 | D:1      | Reached XP level 1. HP: 15/15 MP: 5/5
    90 | D:1      | Reached skill level 1 in Fighting
   151 | D:1      | Reached skill level 3 in Unarmed Combat
   157 | D:1      | Reached XP level 2. HP: 15/23 MP: 5/7
   162 | D:1      | Learned a level 2 spell: Sticks to Snakes
   402 | D:2      | Reached XP level 3. HP: 16/28 MP: 6/8
   615 | D:2      | Found a sacrificial altar of Ru.
   615 | D:2      | Found a snail-covered altar of Cheibriados.
   620 | D:2      | Found a faded altar of an unknown god.
   622 | D:2      | Found a faded altar of an unknown god.
   623 | D:2      | Found a hide-covered altar of Uskayaw.
   735 | D:3      | Found a hazy altar of Hepliaklqana.
   790 | D:4      | Reached skill level 4 in Unarmed Combat
   870 | D:5      | Entered Level 5 of the Dungeon
   889 | D:5      | Noticed an ice beast
   906 | D:5      | Killed an ice beast
   906 | D:5      | Reached skill level 5 in Unarmed Combat
   906 | D:5      | Reached XP level 4. HP: 29/35 MP: 1/9
   906 | D:5      | Reached XP level 5. HP: 33/40 MP: 1/10
  1009 | D:5      | Found a sand-covered staircase.
  1013 | Ossuary  | Entered an ossuary
  1272 | Ossuary  | Reached skill level 6 in Unarmed Combat
  1312 | Ossuary  | Slain by a human zombie

Skill      XL: |  1  2  3  4  5 |
---------------+----------------+-----
Fighting       | 1 |  1.1
Unarmed Combat | 3 5 6 |  6.0
Dodging        | |  1.7
Spellcasting   | |  1.8
Transmutations | |  1.8

Action                   |  1- 3 |  4- 6 || total
-------------------------+-------+-------++-------
Melee: Unarmed           |    97 |    65 ||   162
       Kick              |    15 |     2 ||    17
       Headbutt          |     3 |     2 ||     5
       Punch             |     3 |     3 ||     6
Throw: Javelin           |     1 |       ||     1
 Cast: Beastly Appendage |    26 |     4 ||    30
       Sticks to Snakes  |     5 |    10 ||    15
  Use: Potion            |     1 |     3 ||     4
       Scroll            |       |     7 ||     7
 Stab: Sleeping          |     1 |       ||     1
  Eat: Chunk             |     1 |       ||     1
       Royal jelly       |       |     1 ||     1
Armor: Robe              |     7 |     7 ||    14
Dodge: Dodged            |    58 |    11 ||    69
Block: Other             |    17 |     9 ||    26

Table legend:
 A = Turns spent in this place as a percentage of turns spent in the entire game.
 B = Non-inter-level travel turns spent in this place as a percentage of non-inter-level travel turns spent in the entire game.
 C = Inter-level travel turns spent in this place as a percentage of turns spent in this place.
 D = Turns resting spent in this place as a percentage of non-inter-level travel turns spent in this place.
 E = Turns spent auto-exploring this place as a percentage of non-inter-level travel turns spent in this place.
 F = Non-inter-level travel turns spent in this place divided by the number of levels of this place that you've seen.
                   A       B       C       D       E      F
               +-------+-------+-------+-------+-------+----------------------
         Total | 100.0 | 100.0 |   0.0 |   0.0 |   0.0 | 212.0
       Dungeon |  77.4 |  77.4 |   0.0 |   0.0 |   0.0 | 197.0
       Ossuary |  22.6 |  22.6 |   0.0 |   0.0 |   0.0 | 287.0
               +-------+-------+-------+-------+-------+----------------------

Table legend:
 A = Kills in this place as a percentage of kills in entire the game.
 B = Kills by you in this place as a percentage of kills by you in the entire game.
 C = Kills by friends in this place as a percentage of kills by friends in the entire game.
 D = Other kills in this place as a percentage of other kills in the entire game.
 E = Experience gained in this place as a percentage of experience gained in the entire game.
 F = Experience gained in this place divided by the number of levels of this place that you have seen.
                   A       B       C       D       E      F
               +-------+-------+-------+-------+-------+----------------------
         Total | 100.0 | 100.0 | 100.0 |  -nan | 100.0 |  60.3
       Dungeon |  80.0 |  86.0 |  42.9 |  -nan |  66.3 |  48.0
       Ossuary |  20.0 |  14.0 |  57.1 |  -nan |  33.7 | 122.0
               +-------+-------+-------+-------+-------+----------------------

Vault maps used:
D:1:      dpeg_arrival_stone_temple_mockup, minmay_strange_pillars
D:2:      chequers_temple_overflow_minitemple
D:3:      lemuel_doored_altar, first_bread
D:5:      okawaru_gym_becter, nicolae_ossuary_entry_plus,
          minmay_misc_feat_pillars, uniq_menkaure, uniq_edmund
Ossuary:  ossuary_crypta
